 Dungeon Crawl Stone Soup version 0.28-a0-1518-gbe868bca14 (webtiles) character file.

Game seed: 14367350648071081474

74 knot the Chopper (level 4, 22/52 HPs)
             Began as a Demonspawn Berserker on Jan 17, 2022.
             Was a Follower of Trog.
             Quit the game on level 3 of the Dungeon.
             The game lasted 00:01:10 (2501 turns).

knot the Chopper (Demonspawn Berserker)             Turns: 2501, Time: 00:01:11

Health: 22/52      AC:  3    Str: 17    XL:     4   Next: 9%
Magic:  4/4        EV: 12    Int: 10    God:    Trog [*.....]
Gold:   123        SH:  0    Dex: 13    Spells: 3/3 levels left

rFire   . . .      SeeInvis .   a - +0 hand axe
rCold   . . .      Faith    .   (no shield)
rNeg    . . .      Spirit   .   b - +0 animal skin
rPois   .          Reflect  .   (no helmet)
rElec   .          Harm     .   (no cloak)
rCorr   .          Rampage  .   (no gloves)
Will    .....                   k - +0 pair of boots
Stlth   ..........              (no amulet)
HPRegen 0.17/turn               (no ring)
MPRegen 0.09/turn               (no ring)

@: berserking, very quick
A: hooves 1, ignite blood 1
a: Renounce Religion, Berserk


You were on level 3 of the Dungeon.
You worshipped Trog.
Trog was aware of your devotion.
You visited 1 branch of the dungeon, and saw 3 of its levels.

You collected 123 gold pieces.

Inventory:

Hand Weapons
 a - a +0 hand axe (weapon)
Missiles
 d - 25 stones (quivered)
 e - 5 boomerangs
 h - 6 poisoned darts
 m - 25 sling bullets
Armour
 b - a +0 animal skin (worn)
 k - a +0 pair of boots (worn)
Scrolls
 c - a scroll of teleportation {unknown}
 g - 2 scrolls of identify {unknown}
 o - a scroll of noise {unknown}
Potions
 f - a potion of heal wounds {unknown}
 i - a potion of curing {unknown}
 j - 2 potions of flight {unknown}
 l - a potion of mutation {unknown}
 n - a potion of berserk rage {unknown}


   Skills:
 - Level 3.0 Fighting
 + Level 4.5 Axes
 - Level 1.7 Armour
 - Level 1.7 Dodging


You had 3 spell levels left.
You didn't know any spells.
Your spell library was empty.

Dungeon Overview and Level Annotations

Branches:
Dungeon (3/15)

Altars:


Innate Abilities, Weirdness & Mutations

You have large cloven feet.
Your demonic aura sometimes causes spilled blood to erupt in flames.


Message History

You miss the adder.
The adder is heavily wounded.
You hit the kobold but do no damage.
An endoplasm comes into view.
The adder bites you but does no damage. The kobold barely misses you.
You closely miss the adder.
The adder is heavily wounded.
You hit the kobold. The adder bites you but does no damage.
The kobold hits you with a +0 short sword.
The adder barely misses you.
You closely miss the adder.
The adder is heavily wounded.
You closely miss the kobold.
The kobold hits you with a +0 short sword.
The adder bites you but does no damage.
You hit the adder.
The adder is almost dead.
You hit the kobold.
You kill the kobold!
Trog accepts your kill. The adder bites you. The adder misses you.
You barely miss the adder.
The adder is almost dead.
You barely miss the endoplasm. The adder bites you. The endoplasm hits you.
You are too injured to fight recklessly!
You are too injured to fight recklessly!
You are too injured to fight recklessly!
A red film seems to cover your vision as you go berserk!
You feel yourself moving faster!
You feel mighty! The adder bites you but does no damage.
The endoplasm barely misses you.
You hit the endoplasm.
The endoplasm is heavily wounded.
You hit the adder.
You kill the adder!
Trog accepts your kill. The endoplasm barely misses you.
You have reached level 4!
You feel agile.
Your demonic ancestry asserts itself...
Your blood heats up.
Are you sure you want to abandon this character and quit the game? (Confirm with "yes".)

#####.# #[# #.# #..
#.### #.# #.# ###
#...# #..####.#
###.## ##..#...# ##
#..# #...### ##.
##.##### ##.. ##..
#.....# #[..######..#
#####.###.#........##
#..J@.......<#######
#.###.....#.##
#.##..... #.####...
..# #... .## #... .
#.. ...


You could see an endoplasm.

Vanquished Creatures
  2 adders
  A worm (D:2)
  5 orcs (D:3)
  4 bats
  3 endoplasms
  A giant cockroach (D:2)
  6 goblins
  6 hobgoblins
  3 jackals (D:1)
  A quokka (D:1)
  4 ball pythons
  3 frilled lizards
  2 kobolds
  2 rats
43 creatures vanquished.

Notes
Turn   | Place    | Note
-------+----------+-------------------------------------------
     0 | D:1      | knot the Demonspawn Berserker began the quest for the Orb.
     0 | D:1      | Reached XP level 1. HP: 18/18 MP: 1/1
   242 | D:1      | Reached skill level 3 in Axes
   539 | D:1      | Gained mutation: You have large cloven feet. [demonic
                  | ancestry]
   539 | D:1      | Reached XP level 2. HP: 19/24 MP: 2/2
   937 | D:1      | Found a faded altar of an unknown god.
  1407 | D:2      | Reached XP level 3. HP: 29/29 MP: 3/3
  1408 | D:2      | Reached skill level 4 in Axes
  2501 | D:3      | Gained mutation: Your demonic aura sometimes causes spilled
                  | blood to erupt in flames. [demonic ancestry]
  2501 | D:3      | Reached XP level 4. HP: 22/35 MP: 4/4
  2501 | D:3      | Quit the game

Illustrated notes

Levels and vault maps discovered:
D:1:      roderic_octagonal_star, layout_loops_corners,
          ebering_ecumenical_altar_abandoned
D:2:      layout_loops_ring
D:3:      layout_rooms

Skill      XL: |  1  2  3 |
---------------+----------+-----
Axes           | 3 4 |  4.5
Fighting       | |  3.0
Armour         | |  1.7
Dodging        | |  1.7

Action                   |  1- 3 |  4- 6 || total
-------------------------+-------+-------++-------
Melee: Hand axe          |   103 |       ||   103
       Kick              |    17 |       ||    17
       Punch             |     1 |       ||     1
Invok: Berserk           |     4 |       ||     4
 Stab: Sleeping          |     1 |       ||     1
Armor: Animal skin       |    21 |       ||    21
Dodge: Dodged            |    72 |       ||    72

Table legend: (Time is in decaauts)
 A = Elapsed time spent in this place.
 B = Non-inter-level travel time spent in this place.
 C = Inter-level travel time spent in this place.
 D = Time resting spent in this place.
 E = Time spent auto-exploring this place.
 F = Levels seen in this place.
 G = Mean time per level.
                   A        B        C        D        E       F      G
               +--------+--------+--------+--------+--------+-----+--------+
         Total |   2545 |   2514 |     31 |    422 |   1848 |   3 |  848.3 |
       Dungeon |   2545 |   2514 |     31 |    422 |   1848 |   3 |  848.3 |
               +--------+--------+--------+--------+--------+-----+--------+

Top non-repeatable levels by time:
     D:1: 1418 daAuts
     D:2: 809 daAuts
     D:3: 318 daAuts
